 Dungeon Crawl Stone Soup version 0.26-a0-651-gb41185065b (webtiles) character file.

Game seed: 9163470974775104415

17073 Flugslaktarn the Cleaver (level 12, -10/116 HPs)
             Began as a Deep Dwarf Fighter on Oct 9, 2020.
             Was an Elder of Makhleb.
             Killed from afar by Jorgrun (55 damage)
             ... with an iron shot
             ... on level 13 of the Dungeon.
             The game lasted 00:05:20 (7359 turns).

Flugslaktarn the Cleaver (Deep Dwarf Fighter)       Turns: 7359, Time: 00:05:20

Health: -10/116    AC: 17    Str: 20    XL:     12   Next: 15%
Magic:  15/15      EV:  8    Int: 11    God:    Makhleb [****..]
Gold:   713        SH: 10    Dex: 15    Spells: 11/11 levels left

rFire    + . .     SeeInvis .   C - +0 broad axe (flame)
rCold    . . .     Faith    .   A - +0 kite shield
rNeg     . . .     Spirit   .   D - +0 plate armour
rPois    .         Reflect  .   u - +0 helmet
rElec    .         Harm     .   G - scarf {repulsion}
rCorr    .         Rampage  .   J - +1 pair of gloves
MR       ++...                  (no boots)
Stlth    ..........             s - amulet of the acrobat
HPRegen  0.00/turn              m - ring of protection from magic
MPRegen  0.14/turn              f - ring of protection from fire

@: non-regenerating, repel missiles
A: damage resistance, heal wounds, sense surroundings 2, no regeneration
a: Heal Wounds, Minor Destruction, Lesser Servant of Makhleb, Major Destruction,
Renounce Religion


You were on level 13 of the Dungeon.
You worshipped Makhleb.
Makhleb was greatly pleased with you.
You visited 2 branches of the dungeon, and saw 14 of its levels.

You collected 713 gold pieces.

Inventory:

Hand Weapons
 C - a +0 broad axe of flaming (weapon)
   (You took it off Maggie on level 7 of the Dungeon)
 L - a +3 dagger of distortion
   (You took it off Psyche on level 12 of the Dungeon)
Armour
 a - a +0 cloak
   (You found it on level 5 of the Dungeon)
 u - a +0 helmet (worn)
   (You found it on level 6 of the Dungeon)
 A - a +0 kite shield (worn)
 D - a +0 plate armour (worn)
   (You took it off an orc warrior on level 7 of the Dungeon)
 G - a scarf of repulsion (worn)
   (You found it on level 8 of the Dungeon)
 J - a +1 pair of gloves (worn)
   (You found it on level 9 of the Dungeon)
Jewellery
 c - an uncursed ring of protection from cold
   (You found it on level 8 of the Dungeon)
 f - a ring of protection from fire (right hand)
   (You found it on level 7 of the Dungeon)
 k - an uncursed ring of resist corrosion
   (You found it on level 4 of the Dungeon)
 m - a ring of protection from magic (left hand)
   (You found it on level 1 of the Dungeon)
 s - an amulet of the acrobat (around neck)
   (You found it on level 8 of the Dungeon)
 E - a cursed ring of attention {unknown}
   (You found it on level 10 of the Dungeon)
 M - a +6 ring of dexterity {unknown}
   (You found it on level 12 of the Dungeon)
Wands
 e - a wand of iceblast (10)
   (You found it on level 5 of the Dungeon)
 g - a wand of digging (12)
   (You found it on level 7 of the Dungeon)
 y - a wand of paralysis (17)
   (You found it on level 6 of the Dungeon)
Scrolls
 b - 4 scrolls of amnesia {unknown}
 h - 2 scrolls of blinking {unknown}
 i - a scroll of silence {unknown}
 j - a scroll of torment {unknown}
 r - 5 scrolls of identify
 t - 4 scrolls of teleportation
 v - 2 scrolls of fear
 x - 4 scrolls of remove curse
 z - 3 scrolls of enchant armour {unknown}
 F - 2 scrolls of fog
 H - a scroll of immolation {unknown}
 I - 4 scrolls of magic mapping {unknown}
 N - a scroll of enchant weapon {unknown}
Potions
 d - 4 potions of might
 l - a potion of berserk rage
 n - 4 potions of flight {unknown}
 o - 2 potions of lignification
 p - 3 potions of haste {unknown}
 q - 10 potions of curing
 w - 2 potions of heal wounds
 B - a potion of mutation
 K - 2 potions of degeneration {unknown}


   Skills:
 * Level 10.3 Fighting
 * Level 11.8 Axes
 + Level 9.1 Armour
 + Level 8.0 Dodging
 + Level 4.0 Shields
 + Level 9.5 Invocations
 + Level 0.4 Evocations


You had 11 spell levels left.
You didn't know any spells.
Your spell library was empty.

Dungeon Overview and Level Annotations

Branches:
Dungeon (13/15)            Temple (1/1) D:4            Lair (0/6) D:10
    Orc (0/2) D:11
 Vaults: D:13-14

Altars:
Ashenzari
Dithmenos
Elyvilon
Fedhas
Gozag
Hepliaklqana
Makhleb
Nemelex Xobeh
Okawaru
Qazlal
Trog
Uskayaw
Vehumet
Wu Jian
Xom
Yredelemnul
Zin
The Shining One

Shops:
D:6 }   D:7 ?   D:11 (

Annotations:
D:9 exclusion: statue
D:13 Jorgrun


Innate Abilities, Weirdness & Mutations

You are resistant to damage.
You can heal yourself by infusing magical energy.
You passively map the area around you.
You do not regenerate.


Message History

You hit the slime creature. You burn the slime creature.
The slime creature is severely wounded.
You hit Jorgrun. You burn Jorgrun.
The slime creature hits you but does no damage.
You block Jorgrun's attack.
Your orange demon stings the slime creature!
Your orange demon barely misses the slime creature.
Your hellwing hits the slime creature!
The slime creature dies!
Makhleb accepts your kill.
You slash Jorgrun! You burn Jorgrun.
Jorgrun is severely wounded.
Jorgrun hits you but does no damage.
Your hellwing hits Jorgrun.
Your hellwing barely misses Jorgrun.
You hit Jorgrun but do no damage.
Jorgrun is severely wounded.
Your orange demon barely misses Jorgrun.
Jorgrun casts a spell at you. The iron shot hits you!!!
You die...

#.# #.##########
#..........#
##########.# ..#
*#.## * * #*
#..## * * ,
.<..####4#.######
,**
#......@.4.......
*
#.#.####g########
...# * * * #....#
*,* .....#. * * *
** #....#*# * *
##...,* * * ##..
,* , *


You could see Jorgrun, a friendly orange demon (summoned) and a friendly
hellwing (summoned).

Vanquished Creatures
  Kirke (D:12)
  A centaur warrior (D:13)
  5 two-headed ogres
  An ugly thing (D:12)
  Psyche (D:12)
  Maggie (D:7)
  A kobold demonologist (D:11)
  A redback zombie (D:13)
  6 trolls
  Prince Ribbit (D:6)
  A slime creature (D:13)
  A hippogriff (D:7)
  8 yaks
  2 wraiths
  2 wyverns
  2 hogs (D:12)
  Grum (D:9)
  4 vampire mosquitoes (D:12)
  Menkaure (D:5)
  Duvessa (D:7)
  2 ice beasts
  5 orc warriors
  3 sky beasts
  A black bear (D:12)
  A phantom (D:4)
  2 eyes of draining
  3 wolves (D:9)
  4 ogres
  6 centaurs
  5 big kobolds
  5 bullfrogs
  A wyvern zombie (D:7)
  Dowan (D:7)
  2 water moccasin zombies
  5 scorpions
  2 wights (D:12)
  3 howler monkeys (D:10)
  A bullfrog zombie (D:8)
  A centaur zombie (D:6)
  4 hounds
  5 jellies
  2 orc priests
  3 bullfrog skeletons
  3 centaur skeletons
  3 iguanas
  5 orc wizards
  8 worker ants
  A hound zombie (D:5)
  A hound skeleton (D:8)
  3 worker ant zombies
  9 adders
  7 gnolls
  A river rat (D:6)
  2 shadow imps
  4 white imps
  2 ufetubi (D:7)
  An ooze (D:4)
  5 adder skeletons
  An adder zombie (D:8)
  A worm (D:4)
  7 leopard geckos
  37 orcs
  8 giant cockroaches
  2 goblins (D:1)
  3 hobgoblins
  3 jackals (D:6)
  4 quokkas
  A ball python (D:1)
  2 bats
  A frilled lizard (D:4)
  12 kobolds
  2 quokka skeletons (D:4)
  6 rats
254 creatures vanquished.

Vanquished Creatures (collateral kills)
  A manticore (D:12)
  A gargoyle (D:13)
  2 slime creatures (D:13)
  3 yaks
  An orc warrior (D:11)
  An ice beast (D:11)
  3 big kobolds (D:11)
  A bullfrog (D:12)
  A wight (D:12)
  A hound (D:11)
15 creatures vanquished.

Vanquished Creatures (others)
  A slime creature (D:13)
  A shadow (D:12)
  A human (D:12)
  A wight (D:12)
  An orc (D:7)
5 creatures vanquished.

Grand Total: 274 creatures vanquished

Notes
Turn   | Place    | Note
-------+----------+-------------------------------------------
     0 | D:1      | Flugslaktarn the Deep Dwarf Fighter began the quest for the
                  | Orb.
     0 | D:1      | Reached XP level 1. HP: 20/20 MP: 1/1
   207 | D:1      | Reached XP level 2. HP: 25/27 MP: 2/2
   369 | D:4      | Reached skill level 3 in Axes
   369 | D:4      | Reached XP level 3. HP: 26/34 MP: 3/3
   395 | D:4      | Reached XP level 4. HP: 27/42 MP: 4/4
   434 | D:4      | Noticed a phantom
   453 | D:4      | Killed a phantom
   453 | D:4      | Reached XP level 5. HP: 50/50 MP: 4/4
   469 | D:4      | Reached skill level 4 in Axes
   643 | D:4      | Found a staircase to the Ecumenical Temple.
   706 | Temple   | Entered the Ecumenical Temple
   925 | Temple   | Became a worshipper of Makhleb the Destroyer
  1047 | D:4      | Reached skill level 1 in Dodging
  1062 | D:4      | Reached XP level 6. HP: 41/57 MP: 5/5
  1246 | D:5      | Entered Level 5 of the Dungeon
  1246 | D:5      | Noticed Menkaure
  1260 | D:5      | Killed Menkaure
  1260 | D:5      | Reached skill level 1 in Invocations
  1327 | D:5      | Found a shadowy altar of Dithmenos.
  1421 | D:5      | Reached skill level 5 in Axes
  1421 | D:5      | Reached XP level 7. HP: 49/66 MP: 6/6
  1528 | D:5      | Found a sparkling altar of Nemelex Xobeh.
  1914 | D:6      | Found a hazy altar of Hepliaklqana.
  2010 | D:6      | Noticed Prince Ribbit
  2043 | D:6      | Killed Prince Ribbit
  2043 | D:6      | Reached skill level 5 in Fighting
  2043 | D:6      | Reached skill level 5 in Armour
  2118 | D:6      | Found a bloodstained altar of Trog.
  2146 | D:6      | Noticed a troll
  2162 | D:6      | Killed a troll
  2162 | D:6      | Reached skill level 6 in Axes
  2162 | D:6      | Reached XP level 8. HP: 33/75 MP: 7/7
  2172 | D:6      | Reached * piety under Makhleb
  2312 | D:6      | Found Jotututt's Gadget Emporium.
  2703 | D:7      | Noticed Maggie
  2705 | D:7      | Noticed Dowan
  2705 | D:7      | Noticed Duvessa
  2718 | D:7      | Reached skill level 7 in Axes
  2723 | D:7      | Killed Maggie
  2723 | D:7      | Gained mutation: You passively map the area around you.
                  | [Deep Dwarf growth]
  2723 | D:7      | Reached XP level 9. HP: 51/85 MP: 8/8
  2724 | D:7      | Killed Duvessa
  2724 | D:7      | Reached skill level 5 in Invocations
  2725 | D:7      | Killed Dowan
  2820 | D:7      | Found Kaopla Exio's Magic Scroll Shoppe.
  2929 | D:7      | Reached ** piety under Makhleb
  3067 | D:7      | Reached skill level 8 in Axes
  3346 | D:7      | Found a glowing golden altar of the Shining One.
  3852 | D:8      | Reached skill level 5 in Dodging
  4238 | D:8      | Noticed a two-headed ogre
  4246 | D:8      | Killed a two-headed ogre
  4246 | D:8      | Reached skill level 9 in Axes
  4246 | D:8      | Reached XP level 10. HP: 59/96 MP: 10/10
  4575 | D:9      | Noticed Grum
  4592 | D:9      | Killed Grum
  4636 | D:9      | Reached *** piety under Makhleb
  4843 | D:9      | Found an ornate altar of the Wu Jian Council.
  4886 | D:9      | Found an opulent altar of Gozag.
  5102 | D:9      | Found a radiant altar of Vehumet.
  5166 | D:10     | Entered Level 10 of the Dungeon
  5201 | D:10     | Noticed a two-headed ogre
  5206 | D:10     | Killed a two-headed ogre
  5236 | D:10     | Found a staircase to the Lair.
  5789 | D:11     | Noticed a two-headed ogre
  5800 | D:11     | Killed a two-headed ogre
  5800 | D:11     | Reached skill level 10 in Axes
  5902 | D:11     | Found a staircase to the Orcish Mines.
  5907 | D:11     | Reached XP level 11. HP: 77/104 MP: 12/12
  5914 | D:11     | Reached **** piety under Makhleb
  6254 | D:11     | Found Ynurefes's Antique Weapon Boutique.
  6507 | D:12     | Noticed Psyche
  6513 | D:12     | Killed Psyche
  6513 | D:12     | Reached skill level 11 in Axes
  6648 | D:12     | Noticed Kirke
  6688 | D:12     | Killed Kirke
  6803 | D:12     | Noticed a two-headed ogre
  6813 | D:12     | Killed a two-headed ogre
  6813 | D:12     | Reached skill level 10 in Fighting
  6918 | D:12     | Noticed a green ugly thing
  6936 | D:12     | Killed a green ugly thing
  7038 | D:12     | Found a shadowy altar of Dithmenos.
  7066 | D:12     | Noticed a two-headed ogre
  7082 | D:12     | Killed a two-headed ogre
  7214 | D:13     | Reached XP level 12. HP: 68/116 MP: 14/14
  7228 | D:13     | Noticed a centaur warrior
  7233 | D:13     | Killed a centaur warrior
  7337 | D:13     | Noticed Jorgrun
  7359 | D:13     | Killed from afar by Jorgrun

Illustrated notes

Levels and vault maps discovered:
D:1:      dpeg_arrival_simpleton_c, layout_loops_ring
D:2:      layout_rooms, old_standard_altar, minivault_14, uniq_natasha
D:3:      cheibrodos_old_hovel, layout_loops_cross, led_sif_pool,
          marbit_many_paths, hangedman_ru_absence, kennysheep_nondescript
D:4:      layout_cave_pools, temple_green, minmay_fractal_squares_5
D:5:      layout_basic, nemelex_xobeh_ov_fountains_minmay,
          nicolae_dithmenos_shadow_blocks, kennysheep_generic_room_5,
          uniq_menkaure
D:6:      layout_basic, overflow_temple_1_default, overflow_temple_1_default,
          gup_sewer_entry_bubbles, serial_shops, nicolae_shop_statue_plus,
          kb_rosetta, uniq_prince_ribbit1
D:7:      layout_layer_cave, old_standard_altar, serial_shops, shop_fountains,
          minmay_tree_intersection, uniq_duvessa, uniq_maggie
D:8:      layout_cave_pods
D:9:      layout_cross, vehumet_statue, old_standard_altar, basic_altar,
          uniq_grum
D:10:     layout_roguey, lair_entry_dummy, library_closet
D:11:     layout_loops_cross, david_orc_2, serial_shops, kennysheep_mini,
          special_room [special_room_kobold]
D:12:     layout_loops_ring, basic_altar, uniq_kirke, uniq_psyche
D:13:     layout_loops_ring, serial_shops, nicolae_shop_statue_plus,
          ebering_ghost_inner_flame, uniq_jorgrun
Temple:   minmay_temple_curvy_loop

Skill      XL: |  1  2  3  4  5  6  7  8  9 10 11 12 |
---------------+-------------------------------------+-----
Fighting       | 3 4 5 6 7 8 10 | 10.3
Axes           | 3 4 5 6 7 9 10 11 | 11.8
Armour         | 4 5 6 7 9 |  9.1
Shields        | 4 |  4.0
Dodging        | 1 3 4 5 6 7 8 |  8.0
Invocations    | 2 3 4 6 7 9 |  9.5
Evocations     | |  0.4

Action                   |  1- 3 |  4- 6 |  7- 9 | 10-12 || total
-------------------------+-------+-------+-------+-------++-------
Melee: War axe           |    67 |   111 |    20 |       ||   198
       Hand axe          |       |       |   135 |       ||   135
       Broad axe         |       |       |   115 |   474 ||   589
Invok: Lesser Servant of |       |       |       |     6 ||     6
 Abil: Heal Wounds       |       |     6 |    10 |     8 ||    24
  Use: Potion            |       |       |     2 |       ||     2
       Scroll            |       |       |    10 |       ||    10
 Stab: Distracted        |       |       |       |     6 ||     6
Armor: Scale mail        |    30 |    44 |    31 |       ||   105
       Chain mail        |       |       |     8 |       ||     8
       Plate armour      |       |       |    89 |   284 ||   373
Dodge: Dodged            |    18 |    28 |   100 |   187 ||   333
       Repelled          |       |       |       |     4 ||     4
Block: Kite shield       |    33 |    61 |   139 |   264 ||   497

Table legend: (Time is in decaauts)
 A = Elapsed time spent in this place.
 B = Non-inter-level travel time spent in this place.
 C = Inter-level travel time spent in this place.
 D = Time resting spent in this place.
 E = Time spent auto-exploring this place.
 F = Levels seen in this place.
 G = Mean time per level.
                   A        B        C        D        E       F      G
               +--------+--------+--------+--------+--------+-----+--------+
         Total |   7564 |   7235 |    329 |     22 |   5369 |  14 |  540.3 |
       Dungeon |   7327 |   7051 |    276 |     22 |   5186 |  13 |  563.6 |
        Temple |    237 |    185 |     52 |      0 |    182 |   1 |  237.0 |
               +--------+--------+--------+--------+--------+-----+--------+

Top non-repeatable levels by time:
     D:7: 1132 daAuts
     D:6: 880 daAuts
    D:12: 862 daAuts
     D:8: 712 daAuts
     D:9: 687 daAuts
     D:4: 677 daAuts
    D:11: 630 daAuts
     D:5: 609 daAuts
    D:10: 570 daAuts
     D:1: 248 daAuts
  Temple: 237 daAuts
    D:13: 177 daAuts
     D:2: 77 daAuts
     D:3: 59 daAuts
